 Dungeon Crawl Stone Soup version 0.18-a0-123-g3323726 (webtiles) character file.

112087 ReteAZ the Severer (level 16, 0/125 HPs)
             Began as a Minotaur Berserker on Nov 20, 2015.
             Was an Elder of Trog.
             Slain by a large abomination (18 damage)
             ... on level 1 of the Abyss.
             The game lasted 01:36:03 (27621 turns).

ReteAZ the Severer (Minotaur Berserker)            Turns: 27621, Time: 01:36:03

Health: 0/125      AC: 27    Str: 28    XL:     16   Next: 11%
Magic:  20/20      EV:  9    Int: -1 (0) God:    Trog [****..]
Gold:   2992       SH:  7    Dex: 13    Spells: 0 memorised, 15 levels left

rFire  + . .     SeeInvis .     a - +8 broad axe (chop)
rCold  . . .     Rnd*Rage +     E - +0 plate armour {rN+}
rNeg   + . .     SustAt   .     T - +1 buckler {rC+ rF+}
rPois  .         Gourm    .     (helmet restricted)
rElec  +         Spirit   .     Q - +2 cloak
rCorr  .         Warding  .     X - +0 pair of gloves
rMut   .         Rnd*Tele +     d - +2 pair of boots of the Moon {rElec rC- MP+9 Stlth-}
MR     ++...                    P - amulet of regeneration
Stlth  ..........               B - ring of protection from magic
                                N - +4 ring of strength

@: slowed, lost intelligence, very slow, very resistant to hostile enchantments,
extremely unstealthy
A: retaliatory headbutt, horns 2, berserk 3, blurry vision 3, clumsy 1,
deterioration 1, dopey 2, frail 2, low mp 2, screaming 1, slow regeneration 1,
teleportitis 1, no device heal 1, subdued magic 1, MP-powered wands
a: Berserk, Trog's Hand, Brothers in Arms, Burn Spellbooks, Renounce Religion


You were on level 1 of the Abyss.
You worshipped Trog.
Trog was greatly pleased with you.
You were not hungry.

You visited 3 branches of the dungeon, and saw 23 of its levels.
You visited the Abyss 1 time.
You also visited: Labyrinth.

You collected 2992 gold pieces.

Inventory:

Hand Weapons
 a - a +8 broad axe of chopping (weapon)
 l - the +4 war axe "Fugumyh" {chop, rElec rF- Stlth+}
   (You found it on level 10 of the Dungeon)

   It inflicts extra damage upon your enemies.
   It makes you vulnerable to fire.
   It insulates you from electricity.
   It makes you more stealthy.
 p - the +0 war axe of the Thing {chop, *Noise rPois rF+ Dex+2}
   (You found it on level 7 of the Lair of Beasts)

   It inflicts extra damage upon your enemies.
   It affects your dexterity (+2).
   It protects you from fire.
   It protects you from poison.
   It may make noises in combat.
 z - a +2 war axe of flaming
 G - the +3 great sword of Obluwyhutu {flame, +Fly MR+ Dex+3}
   (Trog gifted it to you on level 11 of the Dungeon)

   It has been specially enchanted to burn those struck by it, causing extra
   injury to most foes and up to half again as much damage against particularly
   susceptible opponents.
   Big, fiery blades are also staple armaments of hydra-hunters.
   It affects your dexterity (+3).
   It affects your resistance to hostile enchantments.
   It lets you fly.
 Z - the +1 war axe of a ziggurat {venom, Str+2}
   (You found it on level 6 of the Lair of Beasts)

   It poisons the flesh of those it strikes.
   It affects your strength (+2).
Missiles
 i - 8 poisoned javelins (quivered)
 S - 5 silver javelins
Armour
 d - the +2 pair of boots of the Moon (worn) {rElec rC- MP+9 Stlth-}
   (You acquired it on level 8 of the Lair of Beasts)

   It makes you vulnerable to cold.
   It insulates you from electricity.
   It affects your magic capacity (+9).
   It makes you less stealthy.
 j - a +0 pair of gloves
 m - a +1 pair of boots
 E - a +0 plate armour of positive energy (worn)
 Q - a +2 cloak (worn)
 R - a +1 plate armour
 T - a +1 buckler of resistance (worn)
 V - the +3 large shield of the Morning Star {rCorr, unknown}
   (You found it on level 1 of the Abyss)

   It protects you from acid and corrosion.
 X - a +0 pair of gloves (worn)
Rods
 K - a +0 lightning rod (13/13)
   (You found it on level 8 of the Lair of Beasts)
Jewellery
 g - an uncursed ring of protection from cold
 n - an uncursed ring of see invisible
 B - a ring of protection from magic (right hand)
 N - a +4 ring of strength (left hand)
 P - an amulet of regeneration (around neck)
Wands
 q - a wand of fire (9)
 A - a wand of disintegration (12)
 C - a wand of confusion (25)
 O - a wand of lightning (9)
 U - a wand of fireball (9)
 Y - a wand of fire (9)
Scrolls
 b - 2 scrolls of recharging
 e - 4 scrolls of remove curse
 o - 4 scrolls of magic mapping
 s - a scroll of fear
 t - a scroll of identify
 y - 2 scrolls of enchant weapon
 H - 4 scrolls of enchant armour
 I - 4 scrolls of fog
Potions
 u - 3 potions of haste
 v - 4 potions of curing
 x - 3 potions of flight
 F - 5 potions of brilliance
 J - a potion of magic
 L - 3 potions of resistance
 M - a potion of agility
Comestibles
 c - 11 bread rations {@e1}
 f - 12 slices of pizza
 r - 8 meat rations {@e2}
 w - 2 beef jerkies
 W - 10 fruits


   Skills:
 + Level 18.2 Fighting
 + Level 19.0 Axes
 + Level 18.0 Armour
 - Level 2.1 Dodging
 - Level 10.1 Shields


You had 15 spell levels left.
You didn't know any spells.

Dungeon Overview and Level Annotations

Branches:
Dungeon (11/15)            Temple (0/1) D:7            Lair (8/8) D:11
 Shoals (0/4) Lair:3       Spider (0/4) Lair:5        Slime (0/6) Lair:7
    Orc (4/4) D:9             Elf (0/3) Orc:4

Altars:
Dithmenos
Fedhas
Nemelex Xobeh
Okawaru
Ru
Vehumet
Xom
Yredelemnul
The Shining One
Beogh

Shops:
D:9 :   Orc:4 (:[*

Portals:
Trove: D:10 (give 2 potions of cure mutation)

Annotations:
Lair:8 exclusion: oklob plant


Innate Abilities, Weirdness & Mutations

You reflexively headbutt those who attack you in melee.
You have a pair of horns on your head.
You are clumsy. (Dex -2)
Your body sometimes deteriorates upon taking damage.
[You have an uncontrollable temper.]
[Scrolls take you much longer to read.]
[You are very dopey. (Int -4)]
[You are very frail (-20% HP).]
[Your magical capacity is very low (-20% MP).]
[You occasionally shout uncontrollably at your foes.]
[You regenerate slowly when monsters are visible.]
[You are occasionally teleported to nearby monsters.]
[Potions and wands are less effective at restoring your health.]
[Your spells are a little easier to cast, but a little less powerful.]
[You expend magic power (3 MP) to strengthen your wands.]


Message History

Your black bear claws the large abomination but does no damage.
You can move again.
You hit the large abomination.
You headbutt the large abomination, but do no damage.
The large abomination is lightly damaged.
Your black bear bites the large abomination but does no damage.
Your black bear claws the large abomination but does no damage. x2
You slice the large abomination!! You headbutt the large abomination.
The large abomination is severely damaged.
You feel less exhausted. The large abomination hits you!!
* * * LOW HITPOINT WARNING * * *
Your black bear bites the large abomination but does no damage.
Your black bear barely misses the large abomination.
Your black bear claws the large abomination but does no damage.
You strike the helpless large abomination from a blind spot!
You hit the large abomination.
The large abomination is almost destroyed.
The large abomination hits you!!
You die...

.. . # # # #
#.#.#) # # .
.#..# # #....
.# # ##.#. #.#
.# ###.#. .. .
.. . #@..#...#.
. #.GhX....##
.#.
##....)...## .#
# #...........
..
#.....#.....#..
..
##...###...##
.. ##.# #.## #
.. .. . . ..


You could see a large abomination, a giant eyeball and a friendly black bear
(berserk).

Vanquished Creatures
  A bone dragon (Abyss:1)
  A lich (Abyss:1)
  5 tentacled starspawn (Abyss:1)
  A daeva (Abyss:1)
  A reaper (Abyss:1)
  A lorocyproca (Abyss:1)
  A minotaur (Lab)
  A rakshasa (Abyss:1)
  5 hydras
  A centaur warrior (D:11)
  3 orc high priests (Orc:4)
  6 death yaks
  3 thrashing horrors (Abyss:1)
  A hell hog (Abyss:1)
  4 wretched stars (Abyss:1)
  A soul eater (Abyss:1)
  The ghost of twist the Grappler, a novice DrTm of Cheibriados (D:7)
  A spatial maelstrom (Abyss:1)
  2 hill giants (D:10)
  2 orc knights
  2 wolf spiders (Lair:3)
  2 sixfirhies (Abyss:1)
  2 ugly things (D:11)
  6 orc sorcerers
  2 griffons
  A worldbinder (Abyss:1)
  20 elephants
  2 smoke demons (Abyss:1)
  2 centaur zombies (D:10)
  6 black mambas
  A torpor snail (Lair:3)
  16 spiny frogs
  6 komodo dragons
  5 fire drakes
  A guardian mummy (D:10)
  4 trolls
  4 polar bears
  4 ancient zymes (Abyss:1)
  A two-headed ogre (D:11)
  A blue devil (Abyss:1)
  Prince Ribbit (D:5)
  23 blink frogs
  4 raiju (Abyss:1)
  3 ynoxinuls (Abyss:1)
  A boulder beetle (Lair:5)
  A wraith (Abyss:1)
  5 basilisks
  A spriggan (D:8)
  14 hippogriffs
  36 yaks
  A vampire (D:11)
  A deep elf mage (D:11)
  A human (D:7)
  Grum (D:9)
  A golden eye (Abyss:1)
  6 wyverns (Lair:7)
  A spatial vortex (Abyss:1)
  A hungry ghost (D:9)
  10 wolves
  The ghost of haldagan the Insei, an amateur OpTm (D:3)
  3 chaos spawn (Abyss:1)
  3 neqoxecs (Abyss:1)
  14 water moccasins
  5 wargs
  29 orc warriors
  4 sky beasts
  A wasp (Lair:3)
  6 small abominations (Abyss:1)
  12 porcupines
  An ice beast (D:8)
  A phantom (D:7)
  An eye of draining (Abyss:1)
  10 large abominations (Abyss:1)
  5 necrophages (Lair:4)
  6 black bears
  11 ogres
  6 centaurs
  11 crocodiles
  25 giant frogs
  A brain worm (Lair:5)
  A water moccasin skeleton (D:10)
  A vampire bat (Lair:4)
  9 scorpions
  A spriggan skeleton (Lab)
  12 killer bees
  A troll skeleton (Lab)
  7 wights
  An electric eel (Lair:3)
  4 crimson imps
  5 jellies
  5 giant frog skeletons
  29 orc priests
  15 starcursed masses (Abyss:1)
  2 centaur skeletons (D:11)
  2 quasits (Abyss:1)
  45 orc wizards
  2 hounds
  9 iguanas
  A killer bee zombie (D:10)
  14 worker ants
  A human skeleton (D:7)
  13 sheep
  2 ogre skeletons (Lab)
  2 hound skeletons
  21 adders
  64 river rats
  13 gnolls
  A white imp (Abyss:1)
  An ufetubus (Abyss:1)
  A giant eyeball (Abyss:1)
  4 oozes
  4 worms
  3 adder skeletons
  6 giant geckos
  172 orcs
  15 bats
  4 giant cockroaches
  2 hobgoblins (D:3)
  2 ball pythons (D:3)
  3 giant newts
  7 goblins
  2 jackals (D:5)
  A jackal zombie (D:7)
  13 kobolds
  A kobold skeleton (D:7)
  9 quokkas
  6 rats
  2 bushes
  7 fungi
  A lurking horror (Abyss:1)
  5 plants
  3 starspawn tentacles (Abyss:1)
  A starspawn tentacle segment (Abyss:1)
956 creatures vanquished.

Vanquished Creatures (collateral kills)
  An orc warlord (Orc:4)
  A cacodemon (Abyss:1)
  4 hydras
  The ghost of twist the Grappler, a novice DrTm of Cheibriados (D:8)
  6 death yaks (Lair:3)
  A hill giant (D:10)
  A cyclops (D:11)
  2 orc knights (Orc:4)
  A black mamba (Lair:2)
  A spiny frog (Lair:8)
  A guardian mummy (D:10)
  A komodo dragon (Lair:2)
  A small abomination (Abyss:1)
  2 ynoxinuls (Abyss:1)
  4 yaks (Lair:2)
  A hippogriff (Lair:8)
  A wolf (D:9)
  2 water moccasins
  2 orc warriors (Orc:4)
  A black bear (D:10)
  A crocodile (Lair:8)
  4 wights (D:8)
  A starcursed mass (Abyss:1)
  2 orc wizards (Orc:4)
  An iguana (D:9)
  An orc (Orc:4)
  A plant (Lair:7)
  A starspawn tentacle (Abyss:1)
47 creatures vanquished.

Vanquished Creatures (others)
  5 river rats (Lair:7)
  22 fungi
  11 plants
  15 starspawn tentacles (Abyss:1)
  95 starspawn tentacle segments (Abyss:1)
148 creatures vanquished.

Grand Total: 1151 creatures vanquished

Notes
Turn   | Place    | Note
--------------------------------------------------------------
     0 | D:1      | ReteAZ the Minotaur Berserker began the quest for the Orb.
     0 | D:1      | Reached XP level 1. HP: 19/19 MP: 0/0
   122 | D:1      | Reached skill level 4 in Axes
   122 | D:1      | Reached XP level 2. HP: 15/26 MP: 1/1
   389 | D:1      | Found a sparkling altar of Nemelex Xobeh.
  1001 | D:2      | Reached skill level 5 in Axes
  1171 | D:2      | Reached XP level 3. HP: 27/31 MP: 2/2
  1280 | D:2      | Reached ** piety under Trog
  1623 | D:2      | Reached skill level 6 in Axes
  1623 | D:2      | Reached XP level 4. HP: 36/39 MP: 3/3
  2023 | D:3      | Found a sacrificial altar of Ru.
  2023 | D:3      | Found a blossoming altar of Fedhas.
  2024 | D:3      | Found a radiant altar of Vehumet.
  2055 | D:3      | Noticed haldagan's ghost (amateur OpTm)
  2073 | D:3      | Reached XP level 5. HP: 36/46 MP: 4/4
  2184 | D:3      | Killed haldagan's ghost
  2184 | D:3      | Reached skill level 7 in Axes
  2229 | D:3      | Reached XP level 6. HP: 50/53 MP: 5/5
  2278 | D:3      | Reached *** piety under Trog
  2711 | D:4      | Reached skill level 5 in Fighting
  2902 | D:4      | Reached skill level 8 in Axes
  3119 | D:4      | Reached XP level 7. HP: 61/61 MP: 6/6
  3552 | D:4      | Found a shadowy altar of Dithmenos.
  3649 | D:4      | Found an iron altar of Okawaru.
  3649 | D:4      | Found a shimmering altar of Xom.
  3650 | D:4      | Found a glowing golden altar of the Shining One.
  3891 | D:5      | Entered Level 5 of the Dungeon
  3939 | D:5      | Reached skill level 9 in Axes
  3939 | D:5      | Reached skill level 5 in Armour
  4161 | D:5      | Noticed Prince Ribbit
  4172 | D:5      | Killed Prince Ribbit
  4172 | D:5      | Reached XP level 8. HP: 65/71 MP: 7/7
  4898 | D:6      | Reached **** piety under Trog
  4898 | D:6      | Reached skill level 10 in Axes
  5750 | D:6      | Reached skill level 11 in Axes
  5828 | D:7      | Reached XP level 9. HP: 40/79 MP: 8/8
  6170 | D:7      | Noticed twist's ghost (novice DrTm)
  6171 | D:7      | Found a staircase to the Ecumenical Temple.
  6188 | D:7      | Killed twist's ghost
  6188 | D:7      | Reached skill level 12 in Axes
  6227 | D:7      | Found a runed door.
  6443 | D:7      | Found a basalt altar of Yredelemnul.
  7063 | D:8      | Reached ***** piety under Trog
  7099 | D:8      | Reached XP level 10. HP: 81/91 MP: 9/9
  7453 | D:8      | Reached skill level 13 in Axes
  7754 | D:8      | Noticed twist's ghost (novice DrTm)
  7785 | D:8      | Killed twist's ghost
  8491 | D:9      | Noticed Grum
  8503 | D:9      | Reached skill level 10 in Fighting
  8511 | D:9      | Killed Grum
  8702 | D:9      | Reached skill level 14 in Axes
  9135 | D:9      | Found Pafrapn's Book Emporium.
  9820 | D:9      | Found a staircase to the Orcish Mines.
 10061 | D:10     | Entered Level 10 of the Dungeon
 10088 | D:10     | Noticed a hill giant
 10093 | D:10     | Killed a hill giant
 10093 | D:10     | Reached XP level 11. HP: 101/101 MP: 10/10
 10096 | D:10     | Reached skill level 10 in Armour
 10098 | D:10     | Found a portal to a secret trove of treasure.
 10202 | D:10     | Noticed a hill giant
 10221 | D:10     | Killed a hill giant
 10488 | D:10     | Got a crude war axe
 10490 | D:10     | Identified the +4 war axe "Fugumyh" {chop, rElec rF- Stlth+} (You found it on level 10 of the Dungeon)
 10549 | D:10     | Received a gift from Trog
 10818 | D:10     | Reached skill level 15 in Axes
 10989 | D:10     | Noticed a hill giant
 10997 | D:10     | Killed a hill giant
 11148 | D:11     | Noticed a centaur warrior
 11156 | D:11     | Killed a centaur warrior
 11499 | D:11     | Received a gift from Trog
 11527 | D:11     | Got a crude great sword {god gift}
 11611 | D:11     | Found a staircase to the Lair.
 11822 | D:11     | Reached skill level 16 in Axes
 11835 | D:11     | Got a jewelled helmet
 12296 | Lair:1   | Entered Level 1 of the Lair of Beasts
 12346 | Lair:1   | Reached XP level 12. HP: 80/112 MP: 11/11
 12921 | Lair:1   | Noticed a five-headed hydra
 12964 | Lair:1   | Killed an 11-headed hydra
 13945 | Lair:2   | Noticed a four-headed hydra
 13952 | Lair:2   | Killed a four-headed hydra
 14088 | Lair:2   | Noticed a six-headed hydra
 14101 | Lair:2   | Killed a nine-headed hydra
 15019 | Lair:2   | Reached XP level 13. HP: 30/125 MP: 12/12
 15654 | Lair:3   | Reached ****** piety under Trog
 15974 | Lair:3   | Reached skill level 15 in Fighting
 16118 | Lair:3   | Found a staircase to the Shoals.
 16158 | Lair:3   | Received a gift from Trog
 16246 | Lair:3   | Reached skill level 15 in Armour
 16788 | Lair:3   | Identified the +3 great sword of Obluwyhutu {flame, +Fly MR+ Dex+3} (Trog gifted it to you on level 11 of the Dungeon)
 18470 | Lair:5   | Lost intelligence.
 18870 | Lair:5   | Found a hole to the Spider Nest.
 19147 | Lair:5   | Received a gift from Trog
 19350 | Lair:6   | Reached skill level 17 in Axes
 19518 | Lair:6   | Reached skill level 1 in Shields
 19758 | Lair:6   | Reached XP level 14. HP: 128/136 MP: 13/13
 19874 | Lair:6   | Got a jewelled war axe
 19875 | Lair:6   | Identified the cursed +1 war axe of a ziggurat {venom, Str+2} (You found it on level 6 of the Lair of Beasts)
 20000 | Lair:7   | Reached skill level 5 in Shields
 20434 | Lair:7   | Found a staircase to the Slime Pits.
 20513 | Lair:7   | Received a gift from Trog
 20724 | Lair:7   | Got a crude war axe
 20726 | Lair:7   | Identified the cursed +0 war axe of the Thing {chop, *Noise rPois rF+ Dex+2} (You found it on level 7 of the Lair of Beasts)
 21251 | Lair:8   | Entered Level 8 of the Lair of Beasts
 21253 | Lair:8   | Identified 2 scrolls of acquirement
 21262 | Lair:8   | Got a pair of distressingly furry boots
 21268 | Lair:8   | Identified the +2 pair of boots of the Moon {rElec rC- MP+9 Stlth-} (You acquired it on level 8 of the Lair of Beasts)
 21437 | Lair:8   | Reached skill level 10 in Shields
 21493 | Lair:8   | Found a labyrinth entrance.
 21502 | Lab      | Entered a labyrinth
 22291 | Lab      | Got a faintly glowing leather armour
 22296 | Lab      | Received a gift from Trog
 22310 | Lab      | Got a jewelled leather armour
 22522 | Lair:8   | Identified the cursed +1 leather armour of Devotion {+Blink MR+ MP+9 Str-4} (You took it off a minotaur in a labyrinth)
 22533 | Lair:8   | Identified the +1 leather armour "Dausaeg" {+Fly rPois Regen+ Int+3} (You found it in a labyrinth)
 22950 | Lair:8   | Found a basalt altar of Yredelemnul.
 23697 | Orc:1    | Entered Level 1 of the Orcish Mines
 24146 | Orc:2    | Received a gift from Trog
 24539 | Orc:3    | Received a gift from Trog
 24894 | Orc:4    | Entered Level 4 of the Orcish Mines
 24959 | Orc:4    | Found a roughly hewn altar of Beogh.
 25111 | Orc:4    | Found a staircase to the Elven Halls.
 25195 | Orc:4    | Received a gift from Trog
 26036 | Orc:4    | Noticed an orc warlord
 26038 | Orc:4    | Reached XP level 15. HP: 130/145 MP: 14/14
 26112 | Orc:4    | Received a gift from Trog
 26317 | Orc:4    | Found Foriab's General Store.
 26347 | Orc:4    | Found Cemyrph's Antique Armour Boutique.
 26348 | Orc:4    | Found Zanukh's Antique Weapon Shop.
 26349 | Orc:4    | Found Bucifruh's Book Boutique.
 26409 | Orc:4    | Cast into the Abyss (a distortion unwield)
 26423 | Abyss:1  | Found a corrupted altar of Lugonu.
 26459 | Abyss:1  | Gained mutation: [You are dopey. (Int -2)] [a cacodemon]
 26459 | Abyss:1  | Paralysed by accursed screaming for 1 turns
 26471 | Abyss:1  | Gained mutation: [Your magical capacity is low (-10% MP).] [a cacodemon]
 26477 | Abyss:1  | Gained mutation: Your body sometimes deteriorates upon taking damage. [a cacodemon]
 26486 | Abyss:1  | Gained mutation: You are clumsy. (Dex -2) [a neqoxec]
 26509 | Abyss:1  | Found a corrupted altar of Lugonu.
 26585 | Abyss:1  | Found a corrupted altar of Lugonu.
 26616 | Abyss:1  | Reached skill level 18 in Axes
 26624 | Abyss:1  | Got a crude large shield
 26630 | Abyss:1  | Paralysed by accursed screaming for 1 turns
 26712 | Abyss:1  | Lost intelligence.
 26890 | Abyss:1  | Noticed a tentacled starspawn
 26890 | Abyss:1  | Lost intelligence.
 26899 | Abyss:1  | Killed a tentacled starspawn
 26942 | Abyss:1  | Noticed a lich
 27004 | Abyss:1  | Killed a lich
 27010 | Abyss:1  | Noticed a tentacled starspawn
 27016 | Abyss:1  | Killed a tentacled starspawn
 27209 | Abyss:1  | Noticed a bone dragon
 27234 | Abyss:1  | Killed a bone dragon
 27252 | Abyss:1  | Noticed a tentacled starspawn
 27335 | Abyss:1  | Noticed a tentacled starspawn
 27367 | Abyss:1  | Killed a tentacled starspawn
 27376 | Abyss:1  | Noticed a tentacled starspawn
 27414 | Abyss:1  | Killed a tentacled starspawn
 27427 | Abyss:1  | Reached XP level 16. HP: 83/157 MP: 13/13
 27576 | Abyss:1  | Paralysed by a giant eyeball for 4 turns
 27583 | Abyss:1  | Paralysed by a giant eyeball for 4 turns
 27586 | Abyss:1  | Lost intelligence.
 27598 | Abyss:1  | Paralysed by a giant eyeball for 3 turns
 27600 | Abyss:1  | Noticed a tentacled starspawn
 27605 | Abyss:1  | Paralysed by a giant eyeball for 3 turns
 27614 | Abyss:1  | Killed a tentacled starspawn
 27614 | Abyss:1  | Reached skill level 19 in Axes
 27614 | Abyss:1  | Paralysed by a giant eyeball for 4 turns
 27621 | Abyss:1  | Slain by a large abomination

Vault maps used:
D:1:      dpeg_arrival_pits, grunt_decor_mini_mirrors, nemelex_deck
D:2:      grunt_ministairs_6
D:3:      gammafunk_temple_overflow_forgotten, serial_bayou_pond_c
D:4:      grunt_dithmenos_smoke, minitemple, lemuel_another_geyser
D:5:      first_bread, uniq_prince_ribbit1
D:7:      minmay_temple_entry_glass, dk_yredelemnul_ordeal
D:8:      grunt_pizzeria
D:9:      david_orc_4, serial_shops, kennysheep_mini_moat, uniq_grum
D:10:     nicolae_trove_entry_path_of_doom
D:11:     erik_lair_orcish_takeover, st_stairs_5
Lair:1:   beast_lair_carwin_large_2
Lair:2:   infiniplex_staircase_pool_2
Lair:3:   minmay_lair_venomous_thicket, elwin_shoals_entry_rocks,
          beast_lair_carwin_9
Lair:4:   roderic_batcave, roderic_carrion_pond
Lair:5:   nicolae_spider_entry_non_spiders, enter_volcano_4,
          hangedman_lair_unloving_vines, lemuel_fruit_tree,
          serial_bayou_shore_b, bh_autumn_forest_stairs
Lair:6:   eino_small_chamber_without_monster
Lair:7:   nicolae_slime_entry_slimehenge, serial_bayou, serial_bayou_shore_b,
          serial_bayou_lake_a, serial_bayou_lagoon_b, serial_bayou_pond_a,
          beast_lair_carwin_1
Lair:8:   hangedman_lair_in_review, basic_altar, lab_entry_generic, st_stairs_5,
          lemuel_oklob_altar
Orc:3:    nicolae_orc_pool_cavern
Orc:4:    st_orc_congregation, basic_altar
Lab:      labyrinth_mini_lab, lab_fountain, nicolae_lab_blocks

Action                   |  1- 3 |  4- 6 |  7- 9 | 10-12 | 13-15 | 16-18 || total
-------------------------+-------+-------+-------+-------+-------+-------++-------
Melee: Hand axe          |     4 |       |       |   229 |       |       ||   233
       Short sword       |    54 |   127 |   206 |       |       |       ||   387
       Long sword        |       |       |   166 |    58 |       |       ||   224
       War axe           |       |       |       |   425 |   656 |       ||  1081
       Great sword       |       |       |       |       |     7 |       ||     7
       Broad axe         |       |       |       |       |   611 |    35 ||   646
Throw: Throwing net      |       |       |     2 |       |       |       ||     2
       Javelin           |       |       |       |       |    16 |       ||    16
Invok: Trog's Hand       |       |       |     2 |     1 |     7 |       ||    10
       Burn Spellbooks   |       |       |     1 |     1 |     4 |       ||     6
       Berserk           |       |       |     1 |     1 |     2 |       ||     4
       Brothers in Arms  |       |       |       |     7 |    16 |     1 ||    24
Evoke: Phantom mirror    |       |       |       |     1 |       |       ||     1
       Wand              |       |       |       |       |     5 |       ||     5
  Use: Potion            |       |       |     1 |       |    12 |       ||    13
       Scroll            |       |       |     1 |    11 |    27 |       ||    39
 Stab: Held in net/web   |       |       |     1 |       |       |       ||     1
       Distracted        |       |       |       |     1 |     2 |     1 ||     4
  Eat: Chunk             |     2 |     4 |    15 |    25 |    39 |       ||    85
       Fruit             |       |       |     1 |     4 |    10 |       ||    15
       Bread ration      |       |       |       |       |     2 |       ||     2
